 Dungeon Crawl Stone Soup version 0.18.1-48-g4cf74bf (webtiles) character file.

3294 Grim the Fighter (level 10, -1/83 HPs)
             Began as a Merfolk Skald on July 17, 2016.
             Was a Believer of the Shining One.
             Slain by a water moccasin (6 damage)
             ... on level 8 of the Dungeon.
             The game lasted 00:28:59 (12646 turns).

Grim the Fighter (Merfolk Skald)                   Turns: 12646, Time: 00:29:00

Health: -1/83      AC:  7    Str: 13    XL:     10   Next: 1%
Magic:  13/13      EV: 15    Int: 18    God:    the Shining One [**....]
Gold:   484        SH:  0    Dex: 15    Spells: 4 memorised, 5 levels left

rFire  . . .     SeeInvis .     y - +0 spear
rCold  + . .     Gourm    .     C - +3 leather armour {rC+}
rNeg   + + .     Faith    .     (no shield)
rPois  +         Spirit   .     (no helmet)
rElec  .         Dismiss  .     I - +0 cloak
rCorr  .         Reflect  .     (no gloves)
SustAt +         Harm     .     (no boots)
MR     .....     Clarity  +     f - amulet of rage
Stlth  +.........               t - ring of sustain attributes
                                g - ring of positive energy

@: brilliant, lethally poisoned (-1 -> -28), glowing, not resistant to hostile
enchantments, very unstealthy
A: change form in water, swift swim, clarity, poison resistance
a: Divine Shield, Renounce Religion, Evoke Berserk Rage


You were on level 8 of the Dungeon.
You worshipped the Shining One.
The Shining One was pleased with you.
You were very hungry.

You visited 2 branches of the dungeon, and saw 9 of its levels.
You also visited: Sewer.

You collected 484 gold pieces.

Inventory:

Hand Weapons
 y - a +0 spear (weapon)
Missiles
 v - 19 tomahawks (quivered)
Armour
 C - a +3 leather armour of cold resistance (worn)
 I - a +0 cloak (worn)
Jewellery
 f - an amulet of rage (around neck)
 g - a ring of positive energy (left hand)
 h - an uncursed ring of protection from cold {unknown}
 t - a ring of sustain attributes (right hand)
Wands
 e - a wand of teleportation (3/9)
 n - a wand of polymorph (11/24)
 J - a wand of slowing (34/48)
 M - a wand of disintegration (13/24)
Scrolls
 a - 4 scrolls of recharging {unknown}
 i - 2 scrolls of teleportation
 k - 11 scrolls of remove curse
 l - 2 scrolls of enchant weapon {unknown}
 m - 4 scrolls of enchant armour {unknown}
 o - a scroll of amnesia {unknown}
 p - 2 scrolls of blinking {unknown}
 x - 3 scrolls of identify
 z - 3 scrolls of fog {unknown}
 B - a scroll of random uselessness {unknown}
 F - 2 scrolls of magic mapping {unknown}
 K - 2 scrolls of noise {unknown}
 L - a scroll of torment {unknown}
Potions
 r - 2 potions of agility
 s - a potion of ambrosia {unknown}
 u - a potion of degeneration {unknown}
 D - a potion of mutation {unknown}
 G - a potion of flight {unknown}
Books
 c - a book of Battle

   Spells                             Type                      Level
   a - Infusion                       Charms                       1
   b - Shroud of Golubria             Charms/Translocation         2
   c - Song of Slaying                Charms                       2
   d - Spectral Weapon                Hexes/Charms                 3
   e - Regeneration                   Charms/Necromancy            3
Comestibles
 d - a bread ration
 j - 9 fruits
 q - 2 meat rations
 w - 2 beef jerkies
 H - a royal jelly


   Skills:
 * Level 9.5 Fighting
 + Level 9.2 Polearms
 - Level 0.6 Armour
 - Level 6.4 Dodging
 - Level 2.0 Spellcasting
 - Level 8.9 Charms


You had 5 spell levels left.
You knew the following spells:

 Your Spells              Type           Power        Failure   Level  Hunger
a - Infusion              Chrm           ####         1%          1    #......
b - Song of Slaying       Chrm           #####...     1%          2    ###....
c - Shroud of Golubria    Chrm/Tloc      ####......   1%          2    ###....
d - Spectral Weapon       Hex/Chrm       ####....     1%          3    ###....


Dungeon Overview and Level Annotations

Branches:
Dungeon (8/15)             Temple (1/1) D:4
   Lair: D:8-11

Altars:
Ashenzari
Cheibriados
Dithmenos
Elyvilon
Fedhas
Kikubaaqudgha
Makhleb
Nemelex Xobeh
Okawaru
Pakellas
Qazlal
Ru
Sif Muna
Trog
Vehumet
Xom
Yredelemnul
Zin
The Shining One

Shops:
D:8 !


Innate Abilities, Weirdness & Mutations

You revert to your normal form in water.
You are very nimble and swift while swimming.
You possess an exceptional clarity of mind.
Your system is resistant to poisons.


Message History

* * * LOW HITPOINT WARNING * * *
You feel sick. The water moccasin barely misses you.
Drink which item? (? for menu, Esc to quit)
Your thoughts seem clearer.
You feel fantastic!
* * * LOW HITPOINT WARNING * * *
You feel very sick. The water moccasin barely misses you.
The water moccasin closely misses you.
You hit the water moccasin.
The water moccasin is severely wounded.
* * * LOW HITPOINT WARNING * * *
You feel sick.
Drink which item? (? for menu, Esc to quit)
It was a potion of brilliance.
You feel clever all of a sudden.
* * * LOW HITPOINT WARNING * * *
You feel sick.
The water moccasin completely misses you.
The water moccasin bites you.
You die...

.# #. . . ###.
.... ...#.....
#... ....
#.########.##.....
#......@Ss.....<..
#########..##...
#..### #....#
##.#.########
#...........
###.######## #.#
#.#


You could see a water moccasin and a scorpion.

Vanquished Creatures
  Pikel (D:5)
  Eustachio (D:4)
  Duvessa (D:4)
  An ice beast (D:6)
  4 phantoms
  3 ogres
  2 centaurs
  3 giant frogs
  Dowan (D:4)
  2 scorpions
  4 killer bees (D:7)
  A howler monkey (D:7)
  3 crimson imps
  2 centaur skeletons
  A hound (D:6)
  A jelly (D:5)
  4 orc priests
  A giant frog skeleton (D:7)
  Jessica (D:2)
  An iguana (D:5)
  6 orc wizards
  Natasha (thrice) (D:2)
  6 worker ants
  A howler monkey zombie (D:6)
  A worker ant zombie (D:5)
  A gnoll (D:1)
  12 adders
  A shadow imp (D:7)
  7 oozes
  An adder zombie (D:6)
  5 worms
  20 giant geckos
  27 orcs
  15 ball pythons
  10 giant cockroaches
  7 hobgoblins
  6 jackals
  8 kobolds
  5 quokkas
  A ball python skeleton (D:4)
  9 bats
  17 giant newts
  7 goblins
  A jackal zombie (D:8)
  A quokka skeleton (D:7)
  A quokka zombie (D:7)
  10 rats
227 creatures vanquished.

Vanquished Creatures (others)
  A slave (D:5)
  An ogre (D:5)
  A jelly (D:5)
  A giant frog zombie (D:5)
  2 adders (D:5)
  A giant gecko (D:5)
7 creatures vanquished.

Grand Total: 234 creatures vanquished

Notes
Turn   | Place    | Note
--------------------------------------------------------------
     0 | D:1      | Grim the Merfolk Skald began the quest for the Orb.
     0 | D:1      | Reached XP level 1. HP: 16/16 MP: 3/3
   334 | D:1      | Reached XP level 2. HP: 17/22 MP: 0/5
  1151 | D:1      | Reached XP level 3. HP: 16/27 MP: 0/6
  1770 | D:2      | Noticed Jessica
  1775 | D:2      | Killed Jessica
  1775 | D:2      | Reached XP level 4. HP: 27/33 MP: 3/7
  2186 | D:2      | Noticed Natasha
  2196 | D:2      | Killed Natasha
  2619 | D:2      | Reached XP level 5. HP: 40/40 MP: 5/8
  2643 | D:2      | Noticed Natasha
  2646 | D:2      | Killed Natasha
  2646 | D:2      | Reached skill level 5 in Polearms
  2646 | D:2      | Reached skill level 5 in Charms
  2800 | D:2      | Noticed Natasha
  2804 | D:2      | Killed Natasha
  3812 | D:3      | HP: 2/40 [poisoned by an orc]
  4213 | D:3      | Reached XP level 6. HP: 46/46 MP: 9/9
  4876 | D:4      | Noticed Eustachio
  4894 | D:4      | Killed Eustachio
  5144 | D:4      | Reached XP level 7. HP: 49/51 MP: 6/10
  5346 | D:4      | Found a sparkling altar of Nemelex Xobeh.
  5378 | D:4      | Reached skill level 5 in Dodging
  5559 | D:4      | Found a glowing drain.
  5571 | Sewer    | Entered a sewer
  6023 | Sewer    | Learned a level 2 spell: Song of Slaying
  6246 | D:4      | Found a staircase to the Ecumenical Temple.
  6255 | Temple   | Entered the Ecumenical Temple
  6343 | D:4      | Reached XP level 8. HP: 56/58 MP: 11/11
  6770 | D:4      | Noticed Duvessa
  6773 | D:4      | Noticed Dowan
  6784 | D:4      | Killed Duvessa
  6789 | D:4      | Killed Dowan
  7439 | D:5      | Entered Level 5 of the Dungeon
  7472 | D:5      | Reached skill level 5 in Fighting
  7559 | D:5      | Found a glowing golden altar of the Shining One.
  7579 | D:5      | Became a worshipper of the Shining One
  8065 | D:5      | Noticed Pikel
  8094 | D:5      | Killed Pikel
  8094 | D:5      | Reached XP level 9. HP: 30/71 MP: 2/12
  8782 | D:5      | Found a snail-covered altar of Cheibriados.
  9496 | D:6      | Found a shattered altar of Ashenzari.
  9715 | D:6      | Reached * piety under the Shining One
  9793 | D:6      | Learned a level 2 spell: Shroud of Golubria
  9797 | D:6      | Learned a level 3 spell: Spectral Weapon
 12189 | D:8      | Found Gaushruh's Distillery.
 12205 | D:8      | Reached ** piety under the Shining One
 12627 | D:8      | Reached XP level 10. HP: 59/83 MP: 13/13
 12642 | D:8      | Gained mutation: Your system is resistant to poisons. [potion of beneficial mutation]
 12644 | D:8      | Gained mutation: You possess an exceptional clarity of mind. [potion of beneficial mutation]
 12646 | D:8      | Slain by a water moccasin

Skill      XL: |  1  2  3  4  5  6  7  8  9 |
---------------+----------------------------+-----
Polearms       | 4 5 6 9 |  9.2
Charms         | 4 5 6 7 8 |  8.9
Dodging        | 2 4 6 |  6.4
Fighting       | 3 6 9 |  9.5
Armour         | |  0.6
Spellcasting   | |  2.0

Action                   |  1- 3 |  4- 6 |  7- 9 | 10-12 || total
-------------------------+-------+-------+-------+-------++-------
Melee: Spear             |    67 |   167 |   846 |    14 ||  1094
       Tailslap          |       |       |     4 |       ||     4
 Cast: Infusion          |    17 |    19 |    14 |       ||    50
       Song of Slaying   |       |       |     5 |       ||     5
Invok: Divine Shield     |       |       |     1 |       ||     1
 Abil: Evoke Berserk Rag |       |       |     2 |       ||     2
  Use: Scroll            |       |     4 |     5 |       ||     9
       Potion            |       |     1 |    10 |     3 ||    14
 Stab: Sleeping          |       |     4 |     6 |       ||    10
  Eat: Chunk             |     3 |    11 |     8 |       ||    22
       Bread ration      |       |       |     4 |       ||     4
Armor: Leather armour    |    11 |    17 |   149 |     4 ||   181
Dodge: Dodged            |    27 |    65 |   485 |     9 ||   586
Block: Other             |       |       |     3 |       ||     3
